 Dungeon Crawl Stone Soup version 0.31-a0-210-gccc998df9b (webtiles) character file.

Game seed: 686179063708759023

10 qw the Shooter (level 2, -1/23 HPs)
             Began as a Minotaur Hexslinger on June 30, 2023.
             Slain by a rat (2 damage)
             ... on level 1 of the Dungeon.
             The game lasted 00:00:05 (144 turns).

qw the Shooter (Minotaur Hexslinger)                 Turns: 144, Time: 00:00:06

Health: -1/23      AC:  2    Str: 12    XL:     2   Next: 10%
Magic:  2/2        EV: 12    Int: 10    God:
Gold:   3          SH:  0    Dex: 12    Spells: 2/3 levels left

rFire   . . .        a - +1 sling
rCold   . . .        (no shield)
rNeg    . . .        c - +0 robe
rPois   .            (helmet restricted)
rElec   .            (no cloak)
rCorr   .            (no gloves)
SInv    .            (no boots)
Will    .....        (no amulet)
Stlth   +            (no ring)
HPRegen 0.23/turn    (no ring)
MPRegen 0.08/turn

%: no passive effects
@: no status effects
A: horns 2, retaliatory headbutt
a: no special abilities


You were on level 1 of the Dungeon.
You visited 1 branch of the dungeon, and saw 1 of its levels.

You collected 27 gold pieces.
You spent 24 gold pieces at shops.


Innate Abilities, Weirdness & Mutations

You have a pair of horns on your head.
You reflexively headbutt those who attack you in melee.


   Skills:
 + Level 1.5 Fighting
 - Level 3.0 Ranged Weapons
 - Level 2.1 Dodging
 - Level 1.0 Spellcasting
 - Level 2.0 Hexes


You had 2 spell levels left.
You knew the following spells:

 Your Spells              Type           Power      Damage    Failure   Level
a - Slow                  Hex            16%        N/A       16%         1

Your spell library contained the following spells:

 Spells                   Type           Power      Damage    Failure   Level
 Inner Flame              Hex/Fire       2%         N/A       56%         3
 Portal Projectile        Hex/Tloc       4%         N/A       56%         3
 Cause Fear               Hex            2%         N/A       83%         4

Inventory:

Hand Weapons
 a - a +1 sling (weapon)
Armour
 c - a +0 robe (worn)
 d - a +0 leather armour
Scrolls
 b - a scroll of poison
 e - a scroll of torment {unknown}
 f - a scroll of identify

Dungeon Overview and Level Annotations

Branches:
Dungeon (1/15)

Altars:

Shops:
D:1 *


Message History

The kobold is severely wounded.
You shoot a sling bullet. The sling bullet hits the kobold.
You kill the kobold!
The goblin hits you with a +0 dagger.
You have reached level 2!
You shoot a sling bullet.
The sling bullet closely misses the goblin.
A goblin comes into view. It is wielding a +0 dagger.
The kobold closely misses you. The goblin hits you but does no damage.
The kobold hits you with a +0 short sword.
The goblin hits you with a +0 dagger.
You shoot a sling bullet.
The sling bullet closely misses the goblin.
The sling bullet hits the rat but does no damage.
The goblin hits you with a +0 dagger. The kobold closely misses you.
You furiously retaliate!
You headbutt the kobold, but do no damage.
You shoot a sling bullet. The sling bullet hits the goblin.
The goblin is severely wounded.
The goblin hits you with a +0 dagger. The kobold hits you but does no damage.
You shoot a sling bullet. The sling bullet hits the goblin.
You kill the goblin!
The kobold barely misses you.
You shoot a sling bullet. The sling bullet hits the kobold!
You kill the kobold!
The rat bites you. The rat bites you but does no damage.
You shoot a sling bullet.
The sling bullet completely misses the rat.
The rat bites you.
You shoot a sling bullet.
The sling bullet completely misses the goblin.
The goblin hits you with a +0 dagger. The rat closely misses you.
You shoot a sling bullet.
The sling bullet hits the goblin but does no damage.
The goblin closely misses you. The rat bites you. The rat closely misses you.
The goblin closely misses you.
You shoot a sling bullet.
The sling bullet closely misses the goblin.
The rat bites you.
You die...

#### .... ......... ##
...)..... # .#
##......... .# #..
.%..... # ..# #.#
....... # #.# ##.#
).....# #
######.###..##r..#### #
#.......##...@g......
..##.....#....##########
#.............#
####.....#...## #
##...%.#...##
##.....).....#######
##..#####.\...[......
............#.######
#####.#######.##


You could see a goblin and a rat.

Vanquished Creatures
  A bat (D:1)
  An endoplasm (D:1)
  2 goblins (D:1)
  A hobgoblin (D:1)
  A ball python (D:1)
  2 kobolds (D:1)
  2 rats (D:1)
10 creatures vanquished.

Notes
Turn   | Place    | Note
-------+----------+-------------------------------------------
     0 | D:1      | qw the Minotaur Hexslinger began the quest for the Orb.
     0 | D:1      | Reached XP level 1. HP: 16/16 MP: 1/1
     0 | D:1      | 0 ||| qw: Version: 0.3-a-26-gee661ec
     0 | D:1      | 0 ||| qw: Game counter: 7238
     0 | D:1      | 0 ||| qw: Melee chars always use a shield: true
     0 | D:1      | 0 ||| qw: God list: Okawaru
     0 | D:1      | 0 ||| qw: Allow faded altars: false
     0 | D:1      | 0 ||| qw: Do Orc after clearing Dungeon:15 true
     0 | D:1      | 0 ||| qw: Do second Lair branch before Depths: true
     0 | D:1      | 0 ||| qw: Lair rune preference: random
     0 | D:1      | 0 ||| qw: Goals: Normal
     0 | D:1      | 0 ||| PLANNING D:1-11
   105 | D:1      | Found Piam's General Store.
   113 | D:1      | 113 ||| SHOPLISTING +0 cloak (54 gold, have 27).
   113 | D:1      | 113 ||| SHOPLISTING +4 ring of protection (432 gold, have
                  | 27).
   113 | D:1      | 113 ||| SHOPLISTING 2 potions of heal wounds (120 gold,
                  | have 27).
   113 | D:1      | 113 ||| SHOPLISTING 2 scrolls of identify (48 gold, have
                  | 27).
   113 | D:1      | 113 ||| SHOPLISTING amulet of faith (480 gold, have 27).
   113 | D:1      | 113 ||| SHOPLISTING potion of haste (120 gold, have 27).
   113 | D:1      | 113 ||| SHOPLISTING potion of resistance (120 gold, have
                  | 27).
   113 | D:1      | 113 ||| SHOPLISTING scroll of enchant weapon (90 gold, have
                  | 27).
   113 | D:1      | 113 ||| BUYING scroll of identify (24 gold).
   113 | D:1      | Bought a scroll of identify for 24 gold pieces
   133 | D:1      | Reached skill level 3 in Ranged Weapons
   136 | D:1      | Reached XP level 2. HP: 20/23 MP: 2/2
   142 | D:1      | HP: 3/23 [goblin/+0 dagger (4)]
   143 | D:1      | HP: 1/23 [rat (2)]
   144 | D:1      | Slain by a rat

Levels and vault maps discovered:
D:1:      moated_graveyard_arrival, layout_rooms, serial_shops, shop,
          grunt_decor_fettered

Skill      XL: |  1 |
---------------+----+-----
Ranged Weapons | 3 |  3.0
Fighting       | |  1.5
Dodging        | |  2.1
Spellcasting   | |  1.0
Hexes          | |  2.0

Action                     || total
---------------------------++-------
   Fire: Sling             ||    26
 Armour: Robe              ||     3
  Dodge: Dodged            ||     8

Table legend:
 A = Non-vault XP
 B = Vault XP
 C = Vault XP percentage of total XP
 D = Non-vault monster count
 E = Vault monster count
 F = Vault count percentage of total count
                 A         B        C        D         E       F
            +---------+---------+-------+---------+---------+-------
      Total |      15 |       0 |   0.0 |      10 |       0 |   0.0
            +---------+---------+-------+---------+---------+-------
        D:1 |      15 |       0 |   0.0 |      10 |       0 |   0.0
            +---------+---------+-------+---------+---------+-------
